AoeStats
← web

African Clearing

506447472Analyzed
4v4 RM · 18d ago on Sep 13, 2026· 41m 22s· 8 players
Game mode
Random Map
Map size
Large (8 player)
Population
200
Speed
Normal
Resources
Standard
Victory
Conquest
Starting age
Dark Age
Ending age
Imperial Age
RankedLock teamsTeams togetherTeam positionsShared explorationLock speedFull tech treeHidden civsTurbo modeCheats
Victory
Defeat
🇺🇸 Mongols · United States
1288
+13
🇺🇸 Goths · United States
1150
+18
1131
+19
🇦🇷 Malians · Argentina
1099
+20
🇲🇽 Georgians · Mexico
1265
-20
🇪🇸 Malians · Spain
1190
-17
🇸🇮 Spanish · Slovenia
1184
-17
🇸🇪 Maya · Sweden
1163
-16
m00n
12:13 Feudal Age
14:36 Loom
17:13 Castle Age
16:22 Double-Bit Axe
17:28 Horse Collar
32:20 Husbandry
34:31 Bloodlines
35:11 Scale Barding Armor
35:17 Elite Skirmisher
38:02 Light Cavalry
40:00 Wheelbarrow
SergioH26
3:38 Loom
13:05 Feudal Age
13:55 Double-Bit Axe
15:51 Forging
19:27 Horse Collar
22:29 Wheelbarrow
24:38 Castle Age
23:52 Scale Barding Armor
Gyllnyllet
12:45 Loom
14:39 Feudal Age
16:24 Double-Bit Axe
19:01 Castle Age
21:41 Bow Saw
25:23 Wheelbarrow
26:38 Horse Collar
29:36 Fletching
30:40 Hand Cart
33:43 Bodkin Arrow
33:59 Hul'che Javelineers
33:23 Elite Skirmisher
34:49 Thumb Ring
39:42 Padded Archer Armor
cuchoff
4:12 Loom
14:58 Feudal Age
21:32 Horse Collar
21:40 Double-Bit Axe
29:11 Castle Age
28:32 Scale Mail Armor
28:43 Forging
31:20 Chain Mail Armor
31:40 Iron Casting
31:00 Gold Mining
31:02 Stone Mining
32:56 Wheelbarrow
32:07 Town Watch
32:38 Bow Saw
34:05 Heavy Plow
35:06 Gold Shaft Mining
37:11 Hand Cart
web
5:16 Loom
14:34 Feudal Age
15:47 Double-Bit Axe
18:55 Castle Age
23:13 Fletching
25:10 Bodkin Arrow
26:46 Padded Archer Armor
27:02 Bow Saw
28:47 Bloodlines
29:28 Husbandry
32:41 Ballistics
37:16 Leather Archer Armor
38:28 Wheelbarrow
38:46 Horse Collar
39:14 Gold Mining
39:20 Town Watch
42:07 Hand Cart
meep
6:09 Loom
15:52 Feudal Age
23:00 Castle Age
22:33 Double-Bit Axe
22:30 Horse Collar
22:56 Scale Mail Armor
24:14 Squires
25:20 Chain Mail Armor
30:11 Forging
30:04 Pikeman
33:32 Iron Casting
35:03 Wheelbarrow
Duck Rattlehead
5:56 Loom
15:04 Feudal Age
19:37 Castle Age
17:38 Double-Bit Axe
17:55 Arson
20:30 Wheelbarrow
20:53 Town Watch
21:10 Squires
22:16 Fletching
28:15 Forging
28:45 Scale Mail Armor
30:52 Iron Casting
31:04 Horse Collar
33:43 Tigui
34:09 Heavy Plow
34:32 Gold Mining
34:55 Bow Saw
38:46 Chain Mail Armor
40:14 Bodkin Arrow
43:12 Imperial Age
美团外卖总教练
8:24 Loom
15:37 Feudal Age
15:53 Man-at-Arms
16:18 Arson
18:31 Forging
18:22 Scale Mail Armor
19:24 Wheelbarrow
19:29 Double-Bit Axe
23:48 Castle Age
25:13 Hand Cart
24:20 Long Swordsman
24:46 Gambesons
25:12 Squires
27:54 Chain Mail Armor
30:08 Iron Casting
32:45 Pikeman
37:08 Gold Mining
37:10 Stone Mining
Connection lost

Rejoining the realm…

Still unreachable

The connection could not be restored.

Session expired

The server has moved on; the page needs a fresh start.